Flames vs Sénateurs
Created - 20 décembre 2013 at 19:22
Goals
|
| Flames |
0 |
2 |
3 |
5 |
| Sénateurs |
1 |
0 |
1 |
2 |
|
Shots
|
| Flames |
5 |
11 |
12 |
28 |
| Sénateurs |
5 |
5 |
12 |
22 |
|
1st period
1. Sénateurs , Nikita Alexeev 10 (Ray Whitney) at 18:12
Penalties :
Nikita Alexeev (Ott) for Roughing (Minor) at 0:46, Toni Lydman (Ott) for Hooking (Minor) at 19:18, Todd Bertuzzi (Ott) for Roughing (Minor) at 19:49
2nd period
2. Flames , David Backes 10 (Michal Handzus, Petr Schastlivy) at 16:14
3. Flames , Eric Staal 22 (Ron Hainsey) at 19:22
Penalties :
Erik Johnson (Cal) for Holding (Minor) at 3:11
3rd period
4. Sénateurs , Paul Gaustad 11 (Chris Kelly, Andy McDonald) at 13:03 (PP)
5. Flames , Mark Bell 9 (Josef Vasicek) at 13:50
6. Flames , Milan Hejduk 14 (Jordin Tootoo, Erik Johnson) at 16:35
7. Flames , Jordin Tootoo 8 (Josef Vasicek, Mark Bell) at 18:45
Penalties :
Ray Whitney (Ott) for Hooking (Minor) at 3:12, Paul Gaustad (Ott) for Hooking (Minor) at 10:28, Eric Staal (Cal) for Hooking (Minor) at 11:27
Goalie Stats
Pekka Rinne (Cal), 20 saves from 22 shots - (0,909), W, 10-6-1, 60:00 minutes
Jonas Hiller (Ott), 23 saves from 28 shots - (0,821), L, 12-9-1, 60:00 minutes
Players Stats for Flames
Player Name G A P +/- PIM S H SB GA TA FO MP PP MP PK MP
------------------------------------------------------------------------------------
Alexander Semin 0 0 0 2 0 3 2 0 0 0 1/3 20:53 4:14 0:28
Branko Radivojevic 0 0 0 0 0 0 3 0 0 0 0/0 8:14 0:00 0:00
Brett Lebda 0 0 0 4 0 1 2 0 0 0 0/0 21:33 2:44 1:15
David Backes 1 0 1 0 0 5 2 1 0 0 1/2 18:16 4:14 0:00
Eric Staal 1 0 1 2 2 2 2 1 1 0 13/24 20:16 4:13 0:39
Erik Johnson 0 1 1 4 2 1 1 1 1 1 0/0 21:38 4:43 0:36
Jordin Tootoo 1 1 2 2 0 2 1 0 0 0 0/0 11:56 0:00 0:32
Josef Vasicek 0 2 2 2 0 2 3 0 0 1 4/6 14:41 3:13 0:00
Marcel Goc 0 0 0 0 0 1 0 0 0 1 2/2 8:14 0:00 0:00
Mark Bell 1 1 2 2 0 1 1 0 0 0 1/1 15:02 3:13 0:03
Michal Handzus 0 1 1 0 0 2 2 1 0 1 5/9 15:24 0:00 1:32
Mike Leclerc 0 0 0 0 0 1 3 0 0 0 0/1 9:46 0:00 1:31
Milan Hejduk 1 0 1 2 0 2 2 0 0 0 1/2 19:12 3:13 0:00
Niklas Kronwall 0 0 0 0 0 0 1 0 1 0 0/0 15:28 2:44 0:39
Petr Schastlivy 0 1 1 0 0 2 4 0 1 0 0/0 14:29 0:00 0:25
Ron Hainsey 0 1 1 0 0 0 0 0 0 0 0/0 12:26 0:00 1:20
Steve Eminger 0 0 0 0 0 1 2 3 0 0 0/0 23:17 0:00 1:20
Tomas Kaberle 0 0 0 0 0 2 4 1 0 0 0/0 25:38 4:43 0:00
Players Stats for Sénateurs
Player Name G A P +/- PIM S H SB GA TA FO MP PP MP PK MP
------------------------------------------------------------------------------------
Andy McDonald 0 1 1 -3 0 1 1 1 0 0 0/0 18:38 1:41 1:55
Chris Kelly 0 1 1 0 0 1 2 2 0 0 3/7 17:23 1:30 2:12
Dan Girardi 0 0 0 0 0 0 0 0 0 0 0/0 12:37 0:00 0:00
Dan Hinote 0 0 0 0 0 0 1 0 0 2 1/1 9:14 0:00 0:00
Daymond Langkow 0 0 0 -3 0 5 0 0 0 0 10/16 20:23 1:05 3:40
Jay McKee 0 0 0 -1 0 0 2 2 1 1 0/0 19:54 0:46 2:27
Keith Ballard 0 0 0 0 0 0 0 0 0 0 0/0 13:02 0:00 0:25
Nikita Alexeev 1 0 1 0 2 2 1 0 1 0 0/0 13:38 0:00 0:00
Paul Gaustad 1 0 1 -1 2 2 1 0 1 0 2/8 12:02 0:36 0:00
Ray Whitney 0 1 1 0 2 1 4 1 0 0 0/2 14:33 0:54 0:00
Sami Kapanen 0 0 0 -1 0 1 0 0 0 0 0/0 12:04 0:54 0:00
Sami Salo 0 0 0 -3 0 2 2 1 1 0 0/0 27:29 1:49 5:00
Sean Avery 0 0 0 -1 0 2 2 1 0 0 1/4 13:29 0:00 1:50
Todd Bertuzzi 0 0 0 -3 2 2 2 0 0 1 4/10 20:07 1:05 3:24
Toni Lydman 0 0 0 -1 2 1 0 1 0 0 0/0 19:44 0:46 2:18
Vernon Fiddler 0 0 0 0 0 1 0 0 0 0 0/1 9:03 0:00 0:00
Ville Nieminen 0 0 0 0 0 1 2 1 0 0 1/1 9:11 0:00 0:08
Vitaly Vishnevsky 0 0 0 -3 0 0 1 0 0 0 0/0 27:29 1:49 5:00
3 Stars
1 - Mark Bell (Cal)
2 - Jordin Tootoo (Cal)
3 - Josef Vasicek (Cal)
Power Play
Flames - 0 on 5 Attempt(s) - 0,00%
Sénateurs - 1 on 2 Attempt(s) - 50,00%
Penalty Kill
Flames - 1 on 2 Attempt(s) - 50,00%
- Score 0 goal in Penalty Kill
Sénateurs - 5 on 5 Attempt(s) - 100,00%
- Score 0 goal in Penalty Kill
Official
Referees : Martell Rob and Pochmara Brian
Linesman : Steve Miller and Steve Barton
Game Notes
No Game Note
Finance
Level 1 -- Attendance: 5091 (84,85%) -- Ticket Income 458 190 $
Level 2 -- Attendance: 4678 (93,56%) -- Ticket Income 233 900 $
Level 3 -- Attendance: 1901 (95,05%) -- Ticket Income 57 030 $
Level 4 -- Attendance: 3817 (95,43%) -- Ticket Income 64 889 $
Luxury Box -- Attendance: 726 (72,60%) -- Ticket Income 130 680 $
Game was played at the Place Banque Scotia
Total Attendance: 16213 (90,07%)
Total Ticket Income: 944 689 $
Other Income: 141 703 $
Total Income: 1 086 392 $
Flames
5 vs 5 Forward
Center Left Wing Right Wing Time % Phy DF OF
1 Eric Staal Alexander Semin Milan Hejduk 40 1 2 2
2 Michal Handzus Petr Schastlivy David Backes 30 1 2 2
3 Josef Vasicek Mark Bell Jordin Tootoo 20 1 2 2
4 Marcel Goc Mike Leclerc Branko Radivojevic 10 1 2 2
5 vs 5 Defense
Defense Defense Time % Phy DF OF
1 Tomas Kaberle Steve Eminger 40 1 2 2
2 Brett Lebda Erik Johnson 30 1 2 2
3 Ron Hainsey Niklas Kronwall 20 1 2 2
4 Brett Lebda Steve Eminger 10 1 2 2
PowerPlay Forward
Center Left Wing Right Wing Time % Phy DF OF
1 Eric Staal Alexander Semin David Backes 60 1 1 3
2 Josef Vasicek Mark Bell Milan Hejduk 40 1 1 3
PowerPlay Defense
Defense Defense Time % Phy DF OF
1 Tomas Kaberle Erik Johnson 60 1 1 3
2 Brett Lebda Niklas Kronwall 40 1 1 3
Penalty Kill 4 Players Forward
Center Wing Time % Phy DF OF
1 Michal Handzus Mike Leclerc 60 1 3 1
2 Eric Staal Petr Schastlivy 40 1 3 1
Penalty Kill 4 Players Defense
Defense Defense Time % Phy DF OF
1 Ron Hainsey Steve Eminger 60 1 3 1
2 Brett Lebda Erik Johnson 40 1 3 1
Penalty Kill - 3 Players Forward
Forward Time % Phy DF OF
1 Michal Handzus 60 1 3 1
2 Eric Staal 40 1 3 1
Penalty Kill - 3 Players Defense
Defense Defense Time % Phy DF OF
1 Ron Hainsey Steve Eminger 60 1 4 0
2 Brett Lebda Erik Johnson 40 1 4 0
4 vs 4 Forward
Center Wing Time % Phy DF OF
1 Eric Staal Alexander Semin 60 1 2 2
2 Michal Handzus Milan Hejduk 40 1 2 2
4 vs 4 Defense
Defense Defense Time % Phy DF OF
1 Tomas Kaberle Steve Eminger 60 1 2 2
2 Brett Lebda Erik Johnson 40 1 2 2
Last Minutes Offensive
Center Left Wing Right Wing Defense Defense
Eric Staal Alexander Semin David Backes Tomas Kaberle Steve Eminger
Last Minutes Defensive
Center Left Wing Right Wing Defense Defense
Eric Staal Mike Leclerc David Backes Ron Hainsey Steve Eminger
Goaltenders
Starting : Pekka Rinne
Backup : Craig Anderson
Extra Forwards
Normal : Milan Hejduk, Mark Bell, Petr Schastlivy - PP : Milan Hejduk, Marcel Goc - PK : Jordin Tootoo
Extra Defensemen
Normal : Niklas Kronwall, Erik Johnson, Brett Lebda - PP : Erik Johnson - PK : Brett Lebda, Erik Johnson
Penalty Shots
Eric Staal, David Backes, Alexander Semin, Milan Hejduk, Marcel Goc
Sénateurs
5 vs 5 Forward
Center Left Wing Right Wing Time % Phy DF OF
1 Daymond Langkow Andy McDonald Todd Bertuzzi 40 1 2 2
2 Chris Kelly Ray Whitney Nikita Alexeev 30 1 2 2
3 Paul Gaustad Sean Avery Sami Kapanen 20 1 2 2
4 Vernon Fiddler Ville Nieminen Dan Hinote 10 1 2 2
5 vs 5 Defense
Defense Defense Time % Phy DF OF
1 Vitaly Vishnevsky Sami Salo 40 1 2 2
2 Jay McKee Toni Lydman 30 1 2 2
3 Dan Girardi Keith Ballard 20 1 2 2
4 Vitaly Vishnevsky Sami Salo 10 1 2 2
PowerPlay Forward
Center Left Wing Right Wing Time % Phy DF OF
1 Daymond Langkow Andy McDonald Todd Bertuzzi 60 1 2 2
2 Chris Kelly Ray Whitney Sami Kapanen 40 1 2 2
PowerPlay Defense
Defense Defense Time % Phy DF OF
1 Vitaly Vishnevsky Sami Salo 60 1 2 2
2 Jay McKee Toni Lydman 40 1 2 2
Penalty Kill 4 Players Forward
Center Wing Time % Phy DF OF
1 Todd Bertuzzi Daymond Langkow 60 1 2 2
2 Andy McDonald Chris Kelly 40 1 2 2
Penalty Kill 4 Players Defense
Defense Defense Time % Phy DF OF
1 Vitaly Vishnevsky Sami Salo 60 1 2 2
2 Jay McKee Toni Lydman 40 1 2 2
Penalty Kill - 3 Players Forward
Forward Time % Phy DF OF
1 Todd Bertuzzi 60 1 2 2
2 Daymond Langkow 40 1 2 2
Penalty Kill - 3 Players Defense
Defense Defense Time % Phy DF OF
1 Vitaly Vishnevsky Sami Salo 60 1 2 2
2 Jay McKee Toni Lydman 40 1 2 2
4 vs 4 Forward
Center Wing Time % Phy DF OF
1 Todd Bertuzzi Daymond Langkow 60 1 2 2
2 Andy McDonald Chris Kelly 40 1 2 2
4 vs 4 Defense
Defense Defense Time % Phy DF OF
1 Vitaly Vishnevsky Sami Salo 60 1 2 2
2 Jay McKee Toni Lydman 40 1 2 2
Last Minutes Offensive
Center Left Wing Right Wing Defense Defense
Daymond Langkow Andy McDonald Todd Bertuzzi Vitaly Vishnevsky Sami Salo
Last Minutes Defensive
Center Left Wing Right Wing Defense Defense
Daymond Langkow Andy McDonald Todd Bertuzzi Vitaly Vishnevsky Sami Salo
Goaltenders
Starting : Jonas Hiller
Backup : Maxime Ouellet
Extra Forwards
Normal : Paul Gaustad, Vernon Fiddler, Sean Avery - PP : Paul Gaustad, Vernon Fiddler - PK : Sean Avery
Extra Defensemen
Normal : Dan Girardi, Keith Ballard, Jay McKee - PP : Dan Girardi - PK : Keith Ballard, Jay McKee
Penalty Shots
Todd Bertuzzi, Daymond Langkow, Andy McDonald, Chris Kelly, Paul Gaustad
% Time on Ice - Flames
Lines # - Real PCT - Wanted PCT - Time Play
Normal Forward
1 - 31% - 40% - 15:25
2 - 28% - 30% - 13:55
3 - 23% - 20% - 11:24
4 - 17% - 10% - 8:14
Normal Defense
1 - 41% - 40% - 20:13
2 - 30% - 30% - 14:27
3 - 25% - 20% - 12:05
4 - 5% - 10% - 2:13
PP Forward
1 - 57% - 60% - 4:14
2 - 43% - 40% - 3:13
PP Defense
1 - 63% - 60% - 4:43
2 - 37% - 40% - 2:44
PK Forward
1 - 86% - 60% - 2:13
2 - 14% - 40% - 0:22
PK Defense
1 - 52% - 60% - 1:20
2 - 48% - 40% - 1:15
PK3 Forward
1 - 0% - 60%
2 - 0% - 40%
PK3 Defense
1 - 0% - 60%
2 - 0% - 40%
44 Forward
1 - 100% - 60% - 1:00
2 - 0% - 40% - 0:00
44 Defense
1 - 70% - 60% - 0:42
2 - 30% - 40% - 0:18
Last Minute Offensive - 0:00
Last Minute Defensive - 0:00
Total
Forward - 60:00
Defense - 60:00
|
% Time on Ice - Sénateurs
Lines # - Real PCT - Wanted PCT - Time Play
Normal Forward
1 - 31% - 40% - 15:00
2 - 28% - 30% - 13:28
3 - 23% - 20% - 11:27
4 - 18% - 10% - 9:03
Normal Defense
1 - 38% - 40% - 18:33
2 - 34% - 30% - 16:29
3 - 26% - 20% - 12:37
4 - 3% - 10% - 1:19
PP Forward
1 - 42% - 60% - 1:05
2 - 58% - 40% - 1:30
PP Defense
1 - 70% - 60% - 1:49
2 - 30% - 40% - 0:46
PK Forward
1 - 77% - 60% - 4:36
2 - 23% - 40% - 1:23
PK Defense
1 - 62% - 60% - 3:41
2 - 38% - 40% - 2:18
PK3 Forward
1 - 100% - 60% - 1:28
2 - 0% - 40% - 0:00
PK3 Defense
1 - 90% - 60% - 1:19
2 - 10% - 40% - 0:09
44 Forward
1 - 83% - 60% - 0:50
2 - 17% - 40% - 0:10
44 Defense
1 - 80% - 60% - 0:48
2 - 20% - 40% - 0:12
Last Minute Offensive - 0:00
Last Minute Defensive - 0:00
Total
Forward - 60:00
Defense - 60:00
|
Play by Play
1st period
0:01 of 1st period - Eric Staal wins face-off versus Daymond Langkow in neutral zone.
0:06 of 1st period - Snap shot by Eric Staal.
0:06 of 1st period - Shot Misses the Net.
0:23 of 1st period - Icing by Sami Salo.
0:24 of 1st period - Michal Handzus wins face-off versus Todd Bertuzzi in Sénateurs zone.
0:31 of 1st period - Snap shot by Josef Vasicek.
0:31 of 1st period - Shot Misses the Net.
0:33 of 1st period - Wrist shot by Brett Lebda.
0:33 of 1st period - Deflect By Josef Vasicek.
0:33 of 1st period - Shot Blocked by Sami Salo.
0:33 of 1st period - Puck is out of play.
0:34 of 1st period - Chris Kelly wins face-off versus Josef Vasicek in Sénateurs zone.
0:46 of 1st period - Minor Penalty to Nikita Alexeev for Roughing.
0:47 of 1st period - Eric Staal wins face-off versus Todd Bertuzzi in Sénateurs zone.
0:48 of 1st period - Wrist shot by David Backes.
0:48 of 1st period - Shot Misses the Net.
0:50 of 1st period - Snap shot by Alexander Semin.
0:50 of 1st period - Shot Misses the Net.
2:26 of 1st period - Icing by Erik Johnson.
2:27 of 1st period - Eric Staal wins face-off versus Sean Avery in Flames zone.
2:46 of 1st period - Penalty to Nikita Alexeev is over, Nikita Alexeev is back on ice.
2:56 of 1st period - Vitaly Vishnevsky is hit by Mike Leclerc and loses puck.
3:17 of 1st period - Chris Kelly is hit by Petr Schastlivy and loses puck.
4:14 of 1st period - Toni Lydman is hit by Branko Radivojevic.
4:18 of 1st period - Ron Hainsey is hit by Jay McKee and loses puck.
4:33 of 1st period - Snap shot by Sean Avery.
4:33 of 1st period - Stopped by Pekka Rinne with a rebound.
4:47 of 1st period - Josef Vasicek is hit by Ville Nieminen and loses puck.
4:54 of 1st period - Mark Bell is hit by Dan Hinote.
5:08 of 1st period - David Backes is hit by Todd Bertuzzi and loses puck.
5:34 of 1st period - Ray Whitney is hit by Alexander Semin and loses puck.
5:41 of 1st period - Alexander Semin is hit by Vitaly Vishnevsky and loses puck.
5:54 of 1st period - Steve Eminger is hit by Paul Gaustad and loses puck.
6:04 of 1st period - Off-side.
6:05 of 1st period - Eric Staal wins face-off versus Daymond Langkow in neutral zone.
6:10 of 1st period - Snap shot by Alexander Semin.
6:10 of 1st period - Shot Misses the Net.
6:30 of 1st period - Sami Salo is hit by Michal Handzus and loses puck.
6:41 of 1st period - David Backes is hit by Nikita Alexeev and loses puck.
7:56 of 1st period - Chris Kelly is hit by Tomas Kaberle and loses puck.
8:23 of 1st period - Wrist shot by Mark Bell.
8:23 of 1st period - Shot Misses the Net.
8:25 of 1st period - Wrist shot by Tomas Kaberle.
8:25 of 1st period - Shot Misses the Net.
8:33 of 1st period - Wrist shot by Nikita Alexeev.
8:33 of 1st period - Shot Hit the Post.
8:35 of 1st period - Wrist shot by Chris Kelly.
8:35 of 1st period - Shot Blocked by Steve Eminger.
8:37 of 1st period - Slapshot by Jay McKee.
8:37 of 1st period - Shot Misses the Net.
8:39 of 1st period - Wrist shot by Ray Whitney.
8:39 of 1st period - Stopped by Pekka Rinne with a rebound.
8:41 of 1st period - Slapshot by Toni Lydman.
8:41 of 1st period - Stopped by Pekka Rinne without a rebound.
8:42 of 1st period - Daymond Langkow wins face-off versus Eric Staal in Flames zone.
9:21 of 1st period - Vitaly Vishnevsky is hit by Petr Schastlivy and loses puck.
9:32 of 1st period - Vitaly Vishnevsky is hit by Josef Vasicek and loses puck.
9:59 of 1st period - Snap shot by Todd Bertuzzi.
9:59 of 1st period - Shot Misses the Net.
10:01 of 1st period - Slapshot by Andy McDonald.
10:01 of 1st period - Shot Blocked by Steve Eminger.
10:03 of 1st period - Wrist shot by Andy McDonald.
10:03 of 1st period - Shot Blocked by Eric Staal.
10:24 of 1st period - Icing by Branko Radivojevic.
10:25 of 1st period - Marcel Goc wins face-off versus Paul Gaustad in Flames zone.
10:30 of 1st period - Slapshot by Tomas Kaberle.
10:30 of 1st period - Stopped by Jonas Hiller without a rebound.
10:31 of 1st period - Paul Gaustad wins face-off versus Michal Handzus in Sénateurs zone.
10:46 of 1st period - Erik Johnson is hit by Sean Avery and loses puck.
11:09 of 1st period - Jay McKee is hit by Michal Handzus.
11:35 of 1st period - Snap shot by Paul Gaustad.
11:35 of 1st period - Shot Blocked by David Backes.
11:49 of 1st period - Snap shot by Michal Handzus.
11:49 of 1st period - Stopped by Jonas Hiller with a rebound.
11:51 of 1st period - Wrist shot by Michal Handzus.
11:51 of 1st period - Shot Misses the Net.
11:53 of 1st period - Snap shot by David Backes.
11:53 of 1st period - Stopped by Jonas Hiller with a rebound.
11:55 of 1st period - Wrist shot by Michal Handzus.
11:55 of 1st period - Shot Misses the Net.
12:11 of 1st period - Snap shot by David Backes.
12:11 of 1st period - Deflect By Jay McKee.
12:11 of 1st period - Stopped by Jonas Hiller without a rebound.
12:12 of 1st period - Daymond Langkow wins face-off versus Eric Staal in Sénateurs zone.
14:21 of 1st period - Off-side.
14:22 of 1st period - Eric Staal wins face-off versus Daymond Langkow in neutral zone.
17:17 of 1st period - Snap shot by Dan Hinote.
17:17 of 1st period - Deflect By Tomas Kaberle.
17:17 of 1st period - Shot Misses the Net.
17:17 of 1st period - Puck is out of play.
17:18 of 1st period - Daymond Langkow wins face-off versus Alexander Semin in Flames zone.
17:19 of 1st period - Snap shot by Andy McDonald.
17:19 of 1st period - Stopped by Pekka Rinne with a rebound.
17:29 of 1st period - Wrist shot by Alexander Semin.
17:29 of 1st period - Stopped by Jonas Hiller with a rebound.
17:31 of 1st period - Snap shot by Eric Staal.
17:31 of 1st period - Shot Misses the Net.
17:33 of 1st period - Wrist shot by Brett Lebda.
17:33 of 1st period - Shot Misses the Net.
17:55 of 1st period - Wrist shot by Marcel Goc.
17:55 of 1st period - Shot Misses the Net.
18:07 of 1st period - Michal Handzus is hit by Chris Kelly and loses puck.
18:12 of 1st period - Snap shot by Nikita Alexeev.
18:12 of 1st period - Goal by Nikita Alexeev - Flames : 0 - Sénateurs : 1.
18:13 of 1st period - Eric Staal wins face-off versus Ray Whitney in neutral zone.
18:28 of 1st period - Alexander Semin is hit by Ray Whitney and loses puck.
18:58 of 1st period - Sean Avery is hit by Josef Vasicek and loses puck.
19:05 of 1st period - Mark Bell is hit by Sean Avery and loses puck.
19:15 of 1st period - Icing by Erik Johnson.
19:16 of 1st period - Ville Nieminen wins face-off versus Mike Leclerc in Flames zone.
19:18 of 1st period - Minor Penalty to Toni Lydman for Hooking.
19:19 of 1st period - Todd Bertuzzi wins face-off versus David Backes in Sénateurs zone.
19:46 of 1st period - Backhand shot by Milan Hejduk.
19:46 of 1st period - Shot Misses the Net.
19:49 of 1st period - Minor Penalty to Todd Bertuzzi for Roughing.
19:50 of 1st period - Sean Avery wins face-off versus Eric Staal in Sénateurs zone.
2nd period
0:01 of 2nd period - Eric Staal wins face-off versus Sean Avery in neutral zone.
0:08 of 2nd period - Wrist shot by David Backes.
0:08 of 2nd period - Shot Blocked by Sean Avery.
0:12 of 2nd period - Wrist shot by Eric Staal.
0:12 of 2nd period - Shot Misses the Net.
0:14 of 2nd period - Slapshot by Alexander Semin.
0:14 of 2nd period - Stopped by Jonas Hiller without a rebound.
0:15 of 2nd period - Eric Staal wins face-off versus Sean Avery in Sénateurs zone.
0:40 of 2nd period - Vitaly Vishnevsky is hit by Mark Bell and loses puck.
0:53 of 2nd period - Snap shot by Chris Kelly.
0:53 of 2nd period - Stopped by Pekka Rinne with a rebound.
1:18 of 2nd period - Penalty to Toni Lydman is over, Toni Lydman is back on ice.
1:21 of 2nd period - Snap shot by Toni Lydman.
1:21 of 2nd period - Shot Blocked by Tomas Kaberle.
1:49 of 2nd period - Penalty to Todd Bertuzzi is over, Todd Bertuzzi is back on ice.
1:57 of 2nd period - Dan Hinote is hit by Brett Lebda and loses puck.
2:34 of 2nd period - Sean Avery is hit by Mike Leclerc and loses puck.
3:11 of 2nd period - Minor Penalty to Erik Johnson for Holding.
3:12 of 2nd period - Michal Handzus wins face-off versus Daymond Langkow in Flames zone.
3:12 of 2nd period - Michal Handzus is hit by Andy McDonald.
5:11 of 2nd period - Penalty to Erik Johnson is over, Erik Johnson is back on ice.
5:17 of 2nd period - Chris Kelly is hit by Josef Vasicek and loses puck.
5:30 of 2nd period - Dan Hinote is hit by Milan Hejduk and loses puck.
5:46 of 2nd period - Dan Girardi is hit by Tomas Kaberle.
6:13 of 2nd period - Nikita Alexeev is hit by Milan Hejduk and loses puck.
7:21 of 2nd period - Todd Bertuzzi is hit by Erik Johnson and loses puck.
7:34 of 2nd period - Slapshot by Eric Staal.
7:34 of 2nd period - Shot Misses the Net.
8:27 of 2nd period - Chris Kelly is hit by Jordin Tootoo and loses puck.
8:38 of 2nd period - Ray Whitney is hit by Brett Lebda and loses puck.
8:45 of 2nd period - Slapshot by Marcel Goc.
8:45 of 2nd period - Shot Misses the Net.
9:50 of 2nd period - Sami Kapanen is hit by Niklas Kronwall and loses puck.
10:09 of 2nd period - Dan Hinote is hit by Steve Eminger and loses puck.
10:22 of 2nd period - Wrist shot by Daymond Langkow.
10:22 of 2nd period - Stopped by Pekka Rinne with a rebound.
10:28 of 2nd period - Vitaly Vishnevsky is hit by Alexander Semin and loses puck.
11:18 of 2nd period - Wrist shot by David Backes.
11:18 of 2nd period - Stopped by Jonas Hiller with a rebound.
12:12 of 2nd period - Vernon Fiddler is hit by Mike Leclerc and loses puck.
12:19 of 2nd period - Keith Ballard is hit by Branko Radivojevic.
12:51 of 2nd period - Keith Ballard is hit by Eric Staal and loses puck.
13:10 of 2nd period - Snap shot by Daymond Langkow.
13:10 of 2nd period - Stopped by Pekka Rinne with a rebound.
13:12 of 2nd period - Backhand shot by Keith Ballard.
13:12 of 2nd period - Deflect By Paul Gaustad.
13:12 of 2nd period - Stopped by Pekka Rinne without a rebound.
13:13 of 2nd period - Josef Vasicek wins face-off versus Paul Gaustad in Flames zone.
13:25 of 2nd period - Brett Lebda is hit by Sami Salo and loses puck.
13:38 of 2nd period - Vitaly Vishnevsky is hit by Steve Eminger and loses puck.
14:00 of 2nd period - Michal Handzus is hit by Jay McKee and loses puck.
14:24 of 2nd period - Slapshot by Daymond Langkow.
14:24 of 2nd period - Stopped by Pekka Rinne without a rebound.
14:25 of 2nd period - Eric Staal wins face-off versus Ray Whitney in Flames zone.
14:34 of 2nd period - Snap shot by Eric Staal.
14:34 of 2nd period - Stopped by Jonas Hiller without a rebound.
14:35 of 2nd period - Chris Kelly wins face-off versus Eric Staal in Sénateurs zone.
15:04 of 2nd period - Wrist shot by Alexander Semin.
15:04 of 2nd period - Shot Misses the Net.
15:06 of 2nd period - Wrist shot by Eric Staal.
15:06 of 2nd period - Shot Blocked by Ray Whitney.
15:08 of 2nd period - Wrist shot by Alexander Semin.
15:08 of 2nd period - Shot Misses the Net.
15:52 of 2nd period - Eric Staal is hit by Chris Kelly and loses puck.
15:58 of 2nd period - Off-side.
15:59 of 2nd period - Daymond Langkow wins face-off versus Michal Handzus in neutral zone.
16:14 of 2nd period - Snap shot by David Backes.
16:14 of 2nd period - Goal by David Backes - Flames : 1 - Sénateurs : 1.
16:15 of 2nd period - Daymond Langkow wins face-off versus Michal Handzus in neutral zone.
16:22 of 2nd period - Snap shot by Andy McDonald.
16:22 of 2nd period - Shot Blocked by Erik Johnson.
16:30 of 2nd period - Snap shot by Todd Bertuzzi.
16:30 of 2nd period - Deflect By Andy McDonald.
16:30 of 2nd period - Shot Blocked by Michal Handzus.
16:30 of 2nd period - Puck is out of play.
16:31 of 2nd period - Josef Vasicek wins face-off versus Daymond Langkow in Flames zone.
16:58 of 2nd period - Michal Handzus is hit by Sami Salo.
17:08 of 2nd period - Wrist shot by Michal Handzus.
17:08 of 2nd period - Stopped by Jonas Hiller without a rebound.
17:09 of 2nd period - Eric Staal wins face-off versus Chris Kelly in Sénateurs zone.
17:10 of 2nd period - Wrist shot by Milan Hejduk.
17:10 of 2nd period - Stopped by Jonas Hiller with a rebound.
17:12 of 2nd period - Snap shot by Alexander Semin.
17:12 of 2nd period - Shot Blocked by Toni Lydman.
17:14 of 2nd period - Slapshot by Alexander Semin.
17:14 of 2nd period - Shot Blocked by Chris Kelly.
17:18 of 2nd period - Wrist shot by Eric Staal.
17:18 of 2nd period - Shot Blocked by Jay McKee.
17:20 of 2nd period - Wrist shot by Alexander Semin.
17:20 of 2nd period - Shot Misses the Net.
17:22 of 2nd period - Slapshot by Steve Eminger.
17:22 of 2nd period - Shot Misses the Net.
17:24 of 2nd period - Slapshot by Tomas Kaberle.
17:24 of 2nd period - Shot Blocked by Jay McKee.
17:42 of 2nd period - Snap shot by Josef Vasicek.
17:42 of 2nd period - Stopped by Jonas Hiller with a rebound.
17:44 of 2nd period - Slapshot by Tomas Kaberle.
17:44 of 2nd period - Stopped by Jonas Hiller with a rebound.
18:21 of 2nd period - Slapshot by Steve Eminger.
18:21 of 2nd period - Stopped by Jonas Hiller without a rebound.
18:22 of 2nd period - Dan Hinote wins face-off versus Alexander Semin in Sénateurs zone.
18:27 of 2nd period - Eric Staal is hit by Ville Nieminen and loses puck.
18:55 of 2nd period - Slapshot by Mark Bell.
18:55 of 2nd period - Shot Misses the Net.
18:57 of 2nd period - Wrist shot by Brett Lebda.
18:57 of 2nd period - Stopped by Jonas Hiller without a rebound.
18:58 of 2nd period - Eric Staal wins face-off versus Todd Bertuzzi in Sénateurs zone.
19:06 of 2nd period - Icing by Sami Salo.
19:07 of 2nd period - Eric Staal wins face-off versus Daymond Langkow in Sénateurs zone.
19:22 of 2nd period - Snap shot by Eric Staal.
19:22 of 2nd period - Goal by Eric Staal - Flames : 2 - Sénateurs : 1.
19:23 of 2nd period - Daymond Langkow wins face-off versus Eric Staal in neutral zone.
3rd period
0:01 of 3rd period - Daymond Langkow wins face-off versus Eric Staal in neutral zone.
0:08 of 3rd period - Wrist shot by Andy McDonald.
0:08 of 3rd period - Shot Misses the Net.
0:30 of 3rd period - Nikita Alexeev is hit by David Backes and loses puck.
1:32 of 3rd period - Slapshot by Nikita Alexeev.
1:32 of 3rd period - Stopped by Pekka Rinne without a rebound.
1:33 of 3rd period - Michal Handzus wins face-off versus Chris Kelly in Flames zone.
1:58 of 3rd period - Josef Vasicek is hit by Todd Bertuzzi and loses puck.
3:03 of 3rd period - Wrist shot by David Backes.
3:03 of 3rd period - Deflect By Michal Handzus.
3:03 of 3rd period - Shot Blocked by Chris Kelly.
3:03 of 3rd period - Puck is out of play.
3:04 of 3rd period - Michal Handzus wins face-off versus Chris Kelly in Sénateurs zone.
3:05 of 3rd period - Slapshot by David Backes.
3:05 of 3rd period - Stopped by Jonas Hiller with a rebound.
3:12 of 3rd period - Minor Penalty to Ray Whitney for Hooking.
3:13 of 3rd period - Todd Bertuzzi wins face-off versus Eric Staal in Sénateurs zone.
5:12 of 3rd period - Penalty to Ray Whitney is over, Ray Whitney is back on ice.
5:37 of 3rd period - Snap shot by Ville Nieminen.
5:37 of 3rd period - Stopped by Pekka Rinne without a rebound.
5:38 of 3rd period - Marcel Goc wins face-off versus Chris Kelly in Flames zone.
6:17 of 3rd period - Dan Hinote is hit by Eric Staal.
6:23 of 3rd period - Wrist shot by Vernon Fiddler.
6:23 of 3rd period - Stopped by Pekka Rinne with a rebound.
6:54 of 3rd period - Daymond Langkow is hit by Branko Radivojevic and loses puck.
7:07 of 3rd period - Niklas Kronwall is hit by Ray Whitney.
7:33 of 3rd period - Snap shot by Sami Kapanen.
7:33 of 3rd period - Stopped by Pekka Rinne without a rebound.
7:34 of 3rd period - Michal Handzus wins face-off versus Paul Gaustad in Flames zone.
8:05 of 3rd period - Slapshot by Sami Salo.
8:05 of 3rd period - Stopped by Pekka Rinne without a rebound.
8:06 of 3rd period - Chris Kelly wins face-off versus Eric Staal in Flames zone.
8:31 of 3rd period - Andy McDonald is hit by Petr Schastlivy and loses puck.
8:56 of 3rd period - Snap shot by Sean Avery.
8:56 of 3rd period - Deflect By Niklas Kronwall.
8:56 of 3rd period - Stopped by Pekka Rinne with a rebound.
9:41 of 3rd period - Wrist shot by Petr Schastlivy.
9:41 of 3rd period - Stopped by Jonas Hiller without a rebound.
9:42 of 3rd period - Daymond Langkow wins face-off versus Michal Handzus in Sénateurs zone.
10:28 of 3rd period - Minor Penalty to Paul Gaustad for Hooking.
10:29 of 3rd period - David Backes wins face-off versus Todd Bertuzzi in Sénateurs zone.
10:32 of 3rd period - Slapshot by Alexander Semin.
10:32 of 3rd period - Stopped by Jonas Hiller without a rebound.
10:33 of 3rd period - Todd Bertuzzi wins face-off versus Eric Staal in Sénateurs zone.
10:44 of 3rd period - Slapshot by Todd Bertuzzi.
10:44 of 3rd period - Stopped by Pekka Rinne without a rebound.
10:45 of 3rd period - Alexander Semin wins face-off versus Todd Bertuzzi in Flames zone.
11:20 of 3rd period - Snap shot by Josef Vasicek.
11:20 of 3rd period - Shot Misses the Net.
11:27 of 3rd period - Minor Penalty to Eric Staal for Hooking.
11:28 of 3rd period - Todd Bertuzzi wins face-off versus Milan Hejduk in Flames zone.
11:29 of 3rd period - Wrist shot by Daymond Langkow.
11:29 of 3rd period - Stopped by Pekka Rinne with a rebound.
11:33 of 3rd period - Wrist shot by Daymond Langkow.
11:33 of 3rd period - Stopped by Pekka Rinne with a rebound.
11:39 of 3rd period - Wrist shot by Todd Bertuzzi.
11:39 of 3rd period - Stopped by Pekka Rinne without a rebound.
11:40 of 3rd period - Milan Hejduk wins face-off versus Todd Bertuzzi in Flames zone.
11:57 of 3rd period - Snap shot by Sami Salo.
11:57 of 3rd period - Shot Blocked by Steve Eminger.
12:28 of 3rd period - Penalty to Paul Gaustad is over, Paul Gaustad is back on ice.
13:03 of 3rd period - Wrist shot by Paul Gaustad.
13:03 of 3rd period - Goal by Paul Gaustad - Flames : 2 - Sénateurs : 2.
13:04 of 3rd period - Eric Staal wins face-off versus Vernon Fiddler in neutral zone.
13:09 of 3rd period - Ville Nieminen is hit by Tomas Kaberle and loses puck.
13:16 of 3rd period - Snap shot by Alexander Semin.
13:16 of 3rd period - Shot Misses the Net.
13:18 of 3rd period - Slapshot by Steve Eminger.
13:18 of 3rd period - Shot Blocked by Ville Nieminen.
13:50 of 3rd period - Slapshot by Mark Bell.
13:50 of 3rd period - Goal by Mark Bell - Flames : 3 - Sénateurs : 2.
13:51 of 3rd period - Daymond Langkow wins face-off versus Eric Staal in neutral zone.
14:16 of 3rd period - Nikita Alexeev is hit by Petr Schastlivy and loses puck.
14:23 of 3rd period - Steve Eminger is hit by Ray Whitney and loses puck.
16:05 of 3rd period - Slapshot by Sami Salo.
16:05 of 3rd period - Stopped by Pekka Rinne without a rebound.
16:06 of 3rd period - Mark Bell wins face-off versus Paul Gaustad in Flames zone.
16:33 of 3rd period - Slapshot by Jordin Tootoo.
16:33 of 3rd period - Stopped by Jonas Hiller with a rebound.
16:35 of 3rd period - Wrist shot by Milan Hejduk.
16:35 of 3rd period - Goal by Milan Hejduk - Flames : 4 - Sénateurs : 2.
16:36 of 3rd period - Josef Vasicek wins face-off versus Paul Gaustad in neutral zone.
16:55 of 3rd period - Sami Kapanen is hit by Tomas Kaberle and loses puck.
17:12 of 3rd period - Snap shot by Alexander Semin.
17:12 of 3rd period - Shot Blocked by Andy McDonald.
17:36 of 3rd period - Wrist shot by Petr Schastlivy.
17:36 of 3rd period - Stopped by Jonas Hiller with a rebound.
17:48 of 3rd period - Jay McKee is hit by David Backes and loses puck.
18:16 of 3rd period - Slapshot by Marcel Goc.
18:16 of 3rd period - Stopped by Jonas Hiller with a rebound.
18:18 of 3rd period - Snap shot by Mike Leclerc.
18:18 of 3rd period - Deflect By Daymond Langkow.
18:18 of 3rd period - Stopped by Jonas Hiller with a rebound.
18:20 of 3rd period - Backhand shot by Erik Johnson.
18:20 of 3rd period - Stopped by Jonas Hiller without a rebound.
18:21 of 3rd period - Josef Vasicek wins face-off versus Paul Gaustad in Sénateurs zone.
18:24 of 3rd period - Slapshot by Josef Vasicek.
18:24 of 3rd period - Shot Misses the Net.
18:31 of 3rd period - Off-side.
18:32 of 3rd period - Paul Gaustad wins face-off versus Josef Vasicek in neutral zone.
18:43 of 3rd period - Snap shot by Josef Vasicek.
18:43 of 3rd period - Stopped by Jonas Hiller with a rebound.
18:45 of 3rd period - Snap shot by Jordin Tootoo.
18:45 of 3rd period - Goal by Jordin Tootoo - Flames : 5 - Sénateurs : 2.
18:46 of 3rd period - Daymond Langkow wins face-off versus Eric Staal in neutral zone.
19:12 of 3rd period - Tomas Kaberle is hit by Ray Whitney and loses puck.
Output by the SimonT Hockey Simulator (STHS) for François Prévost -- Original Page W3C XHTML 1.0 Valid